 Dungeon Crawl Stone Soup version 0.29-a0-330-g52719c12eb (webtiles) character file.

Game seed: 2239491921551262618

20 Crownlay the Skirmisher (level 2, 0/33 HPs)
             Began as an Ogre Brigand on May 8, 2022.
             Succumbed to an adder's poison
             ... on level 2 of the Dungeon.
             The game lasted 00:01:04 (351 turns).

Crownlay the Skirmisher (Ogre Brigand)               Turns: 351, Time: 00:01:05

Health: 0/33       AC:  4    Str: 14    XL:     2   Next: 79%
Magic:  2/2        EV:  9    Int: 12    God:
Gold:   5          SH:  0    Dex: 10    Spells: 1/1 levels left

rFire   . . .      SeeInvis .   a - +2 dagger
rCold   . . .      Faith    .   (no shield)
rNeg    . . .      Spirit   .   b - +0 robe
rPois   .          Reflect  .   (helmet restricted)
rElec   .          Harm     .   c - +0 cloak
rCorr   .          Rampage  .   (gloves unavailable)
Will    .....                   (boots unavailable)
Stlth   ++........              (no amulet)
HPRegen 0.11/turn               (no ring)
MPRegen 0.08/turn               (no ring)

@: lethally poisoned (0 -> -5)
A: large, unfitting armour, tough skin 1
a: no special abilities


You were on level 2 of the Dungeon.
You visited 1 branch of the dungeon, and saw 2 of its levels.

You collected 5 gold pieces.

Inventory:

Hand Weapons
 a - a +2 dagger (weapon)
Missiles
 d - 9 poisoned darts (quivered)
 e - 3 curare-tipped darts
Armour
 b - a +0 robe (worn)
 c - a +0 cloak (worn)
Scrolls
 f - a scroll of identify {unknown}


   Skills:
 * Level 4.3 Fighting
 - Level 1.7 Short Blades
 - Level 2.0 Throwing
 - Level 0.8 Dodging
 - Level 2.9 Stealth


You had one spell level left.
You didn't know any spells.
Your spell library was empty.

Dungeon Overview and Level Annotations

Branches:
Dungeon (1/15)

Altars:


Innate Abilities, Weirdness & Mutations

You are too large for most types of armour.
You have tough skin. (AC +1)


Message History

You are too injured to fight recklessly!
You are too injured to fight recklessly!
You are too injured to fight recklessly!
You are too injured to fight recklessly!
You are too injured to fight recklessly!
You are too injured to fight recklessly!
The adder bites you.
You are poisoned.
The adder poisons you!
You feel sick. The adder closely misses you.
You open the door.
You feel sick. The adder closely misses you.
You hit the adder.
The adder is heavily wounded.
You feel sick. The adder barely misses you.
The adder bites you but does no damage.
You hit the adder.
The adder is severely wounded.
You feel sick. The adder bites you.
* * * LOW HITPOINT WARNING * * *
You are lethally poisoned!
The adder poisons you!
You closely miss the adder.
The adder is heavily wounded.
* * * LOW HITPOINT WARNING * * *
You feel sick. The adder bites you but does no damage.
You closely miss the adder.
The adder is heavily wounded.
* * * LOW HITPOINT WARNING * * *
You feel sick. The adder completely misses you.
You hit the adder.
The adder is almost dead.
* * * LOW HITPOINT WARNING * * *
You feel sick. The adder bites you.
* * * LOW HITPOINT WARNING * * *
You hit the adder.
You kill the adder!
* * * LOW HITPOINT WARNING * * *
You feel sick.
Your Fighting skill increases to level 4!
You die...

.# .# .# ####.# #.[..# #...#
#######...# ......'...+ .....#
#.....#@..# .....# #.........#
.....## #.........# #.#...####
###.......#####.#.......
...............+......>
#####.........#.#.......
+................... ...##....#
#.........##.##.#...
.........##+##..........#)##+#...


There were no monsters in sight!

Vanquished Creatures
  An adder (D:2)
  An endoplasm (D:2)
  A goblin (D:2)
  4 jackals (D:2)
  A quokka (D:2)
  2 rats
10 creatures vanquished.

Notes
Turn   | Place    | Note
-------+----------+-------------------------------------------
     0 | D:1      | Crownlay the Ogre Brigand began the quest for the Orb.
     0 | D:1      | Reached XP level 1. HP: 22/22 MP: 1/1
    10 | D:1      | You fall into a shaft and drop 1 floor!
    17 | D:2      | Reached skill level 3 in Fighting
    58 | D:2      | Reached XP level 2. HP: 10/32 MP: 2/2
   349 | D:2      | HP: 1/32 [adder (1)]
   351 | D:2      | Reached skill level 4 in Fighting
   351 | D:2      | Succumbed to an adder's poison

Illustrated notes

Levels and vault maps discovered:
D:1:      eino_arrival_druids_welcome, layout_basic
D:2:      layout_basic, basic_altar, shapermc_ecumenical_altar_acropolis

Skill      XL: |  1  2 |
---------------+-------+-----
Fighting       | 3 4 |  4.3
Short Blades   | |  1.7
Throwing       | |  2.0
Dodging        | |  0.8
Stealth        | |  2.9

Action                   || total
-------------------------++-------
Melee: Dagger            ||    44
Armor: Robe              ||    22
Dodge: Dodged            ||    21

Table legend: (Time is in decaauts)
 A = Elapsed time spent in this place.
 B = Non-inter-level travel time spent in this place.
 C = Inter-level travel time spent in this place.
 D = Time resting spent in this place.
 E = Time spent auto-exploring this place.
 F = Levels seen in this place.
 G = Mean time per level.
                   A        B        C        D        E       F      G
               +--------+--------+--------+--------+--------+-----+--------+
         Total |    346 |    346 |      0 |      0 |    268 |   2 |  173.0 |
       Dungeon |    346 |    346 |      0 |      0 |    268 |   2 |  173.0 |
               +--------+--------+--------+--------+--------+-----+--------+

Top non-repeatable levels by time:
     D:2: 337 daAuts
     D:1: 9 daAuts
